 Dungeon Crawl Stone Soup version 0.28.0-53-g5a82cb258f (webtiles) character file.

Game seed: 638696602282443123

26673 unlimited1921 the Thaumaturge (level 13, -6/85 HPs)
             Began as a Djinni Fire Elementalist on July 3, 2022.
             Was an Initiate of Gozag.
             Mangled by a skeletal warrior
             ... wielding a +0 battleaxe
             ... led by a skeletal warrior
              (28 damage)
             ... on level 12 of the Dungeon.
             The game lasted 02:00:36 (24100 turns).

unlimited1921 the Thaumaturge (DjFE)               Turns: 24100, Time: 02:00:37

Health: -6/85      AC: 11    Str:  7    XL:     13   Next: 59%
Gold:   887        EV: 11    Int: 21    God:    Gozag SH:  6 Dex: 15

rFire   + + .      SeeInvis .   s - +2 mace (protect)
rCold   x . .      Faith    .   f - +0 buckler
rNeg    . . .      Spirit   .   y - +1 ring mail "Mynomul" {+Blink Will+ Stlth+}
rPois   ∞          Reflect  .   i - +1 helmet
rElec   .          Harm     .   (no cloak)
rCorr   .          Rampage  .   q - +0 pair of gloves
Will    ++...                   (boots unavailable)
Stlth   ++++......              b - amulet of regeneration
HPRegen 1.04/turn               V - ring of wizardry
MPRegen 0.00/turn               (no ring)

@: flying
A: sickness immunity, fire resistance 2, cold vulnerability 1, float, innate
caster, HP casting, extra vitality 1
a: Renounce Religion, Evoke Blink, Potion Petition, Call Merchant, Bribe Branch


You were on level 12 of the Dungeon.
You worshipped Gozag.
Gozag was pleased with you.
You visited 2 branches of the dungeon, and saw 14 of its levels.
You visited the Abyss 1 time.

You collected 2763 gold pieces.
You spent 1745 gold pieces at shops.
You paid 131 gold pieces to Gozag.

Inventory:

Hand Weapons
 s - a +2 mace of protection (weapon)
 w - a +2 vorpal broad axe
 B - a +0 war axe
 D - a +0 hunting sling of flaming
 P - a +0 arbalest
 S - a +4 long sword of freezing
 T - a +3 dagger of freezing
 U - a +5 great sword
Missiles
 e - 359 stones
 j - 20 boomerangs
 n - 12 poisoned darts
 p - 2 throwing nets
 z - 4 silver javelins
 F - 77 bolts
Armour
 f - a +0 buckler (worn)
 i - a +1 helmet (worn)
 q - a +0 pair of gloves (worn)
 y - the +1 ring mail "Mynomul" (worn) {+Blink Will+ Stlth+}
   (You found it on level 3 of the Dungeon)

   +Blink:    It lets you blink.
   Will:      It increases your willpower.
   Stlth:     It makes you more stealthy.
 E - the +7 chain mail of Altruism {rF- rN++}
   (You found it on level 4 of the Dungeon)

   rF:        It makes you vulnerable to fire.
   rN:        It greatly protects you from negative energy.
 J - an orb of light
Jewellery
 b - an amulet of regeneration (around neck)
 Q - an amulet of reflection
 V - a ring of wizardry (left hand)
Wands
 c - a wand of iceblast (11)
 r - a wand of acid (7)
 x - a wand of polymorph (7)
 G - a wand of digging (4)
 L - a wand of flame (56)
 R - a wand of paralysis (15) (quivered)
Scrolls
 a - a scroll of summoning
 d - 5 scrolls of enchant armour
 l - a scroll of silence
 m - 6 scrolls of teleportation
 v - a scroll of vulnerability
 H - a scroll of blinking
 O - 5 scrolls of fog
 X - 3 scrolls of immolation {unknown}
Potions
 g - 2 potions of berserk rage
 h - 4 potions of brilliance
 k - 4 potions of attraction {unknown}
 o - 2 potions of cancellation
 u - 4 potions of degeneration {unknown}
 A - 3 potions of haste {unknown}
 I - 6 potions of curing {unknown}
 K - a potion of might
 M - a potion of lignification
 W - 3 potions of mutation {unknown}
Miscellaneous
 C - a condenser vane (inert)


   Skills:
 + Level 4.7 Fighting
 + Level 1.9(2.2) Short Blades
 + Level 1.4(2.0) Long Blades
 + Level 1.3(2.6) Axes
 + Level 3.5(3.7) Maces & Flails
 + Level 1.3(2.4) Slings
 + Level 3.3 Crossbows
 + Level 3.1(3.2) Throwing
 + Level 7.4 Armour
 + Level 5.9 Dodging
 + Level 6.0 Stealth
 + Level 6.1 Shields
 + Level 12.0 Spellcasting
 + Level 2.2 Invocations
 + Level 2.6 Evocations


You had 4 spell levels left.
You knew the following spells:

 Your Spells              Type           Power      Damage    Failure   Level
a - Foxfire               Conj/Fire      100%       2x1d9     1%          1
b - Scorch                Fire           100%       2d10      1%          2
c - Conjure Flame         Conj/Fire      58%        6-21      1%          3
d - Inner Flame           Hex/Fire       58%        N/A       1%          3
e - Flame Wave            Conj/Fire      58%        2d11      1%          4
f - Sting                 Tmut/Pois      100%       1d8       1%          1
g - Passwall              Tmut/Erth      48%        N/A       1%          2
h - Wereblood             Tmut           58%        N/A       1%          2
i - Iskenderun's Mystic   Conj/Tloc      58%        2d12      1%          4
j - Freezing Cloud        Conj/Ice/Air   29%        6-21      1%          5
k - Iskenderun's Battles  Conj           58%        2d11      1%          5
Your spell library was empty.

Dungeon Overview and Level Annotations

Branches:
Dungeon (13/15)            Temple (1/1) D:7            Lair (0/6) D:9
    Orc (0/2) D:9
 Vaults: D:13-14

Altars:
Ashenzari
Cheibriados
Dithmenos
Elyvilon
Fedhas
Gozag
Hepliaklqana
Kikubaaqudgha
Makhleb
Nemelex Xobeh
Okawaru
Qazlal
Ru
Sif Muna
Trog
Uskayaw
Vehumet
Wu Jian
Xom
Yredelemnul
Zin
The Shining One

Shops:
D:6 *   D:7 ?   D:11 *

Annotations:
D:8 2 transporters, Wentworth's ghost, novice OpBr


Innate Abilities, Weirdness & Mutations

You are immune to sickness and miasma.
You are immune to poison.
Your flesh is very heat resistant. (rF++)
You are vulnerable to cold. (rC-)
You float through the air rather than walking.
You learn spells naturally, not from books.
Your magical power is your life essence.
You have superior vitality. (+4 MHP)


Message History

The skeletal warrior is lightly damaged.
The skeletal warrior's fire resistance burns away.
The skeletal warrior hits you with a +0 battleaxe!
Casting: Scorch (safe; 1% risk of failure)
Confirm with . or Enter, or press ? or * to list all spells.
Flames lash the skeletal warrior but do no damage.
The skeletal warrior closely misses you.
Casting: Scorch (safe; 1% risk of failure)
Confirm with . or Enter, or press ? or * to list all spells.
Flames lash the skeletal warrior but do no damage.
The skeletal warrior hits you with a +0 battleaxe!
Casting: Scorch (safe; 1% risk of failure)
Confirm with . or Enter, or press ? or * to list all spells.
Flames lash the skeletal warrior.
The skeletal warrior is burned terribly!
The skeletal warrior is heavily damaged.
The skeletal warrior hits you with a +0 battleaxe.
Casting: Scorch (safe; 1% risk of failure)
Confirm with . or Enter, or press ? or * to list all spells.
Flames lash the skeletal warrior.
The skeletal warrior is burned terribly!
The skeletal warrior is heavily damaged.
The skeletal warrior hits you with a +0 battleaxe!!
The skeletal warrior is no longer more vulnerable to fire.
Casting: Scorch (safe; 1% risk of failure)
Confirm with . or Enter, or press ? or * to list all spells.
Flames lash the skeletal warrior.
The skeletal warrior is heavily damaged.
The skeletal warrior's fire resistance burns away.
The skeletal warrior hits you with a +0 battleaxe!
Casting: Scorch (safe; 1% risk of failure)
Confirm with . or Enter, or press ? or * to list all spells.
Flames lash the skeletal warrior.
The skeletal warrior is burned terribly!
The skeletal warrior is severely damaged.
The skeletal warrior hits you with a +0 battleaxe!!
* * * LOW HITPOINT WARNING * * *
The skeletal warrior hits you with a +0 battleaxe!!
You die...
Your body crumbles into a pile of gold.

#.#.##......##.# #.#.##.#
#.#[##.#....##.# #.#.##.#
#.#.##.##.#.##.###.#.##.#
#........................
###.##...............##..
#..(###................
###.# #...........####.
#.###................
#..z@..........#####.
#.###.....####.# #.
#...#.....# #.# #.
#.#.####.## #.# #.
#######....###.#####.#####.
#........#.................
#.#####....##.########.####
#.# #.#.##...#### #.# #.#
#.(...<.....# #.#


You could see a skeletal warrior (combustible).

Vanquished Creatures
  Harold (D:11)
  A boulder beetle (D:12)
  Erolcha (D:9)
  4 two-headed ogres
  Urug (D:11)
  3 skeletal warriors
  2 cyclopes
  2 gargoyles
  An unseen horror (D:11)
  A kobold demonologist (D:10)
  2 trolls (D:10)
  Prince Ribbit (D:7)
  A slime creature (D:9)
  10 yaks
  A shadow (D:11)
  Sigmund (D:2)
  A vampire (D:11)
  2 wyverns
  Grum (D:8)
  A steam dragon (D:7)
  A basilisk (D:9)
  3 vampire mosquitoes
  Edmund (D:4)
  3 wargs (D:9)
  An acid dragon (D:11)
  3 water moccasins (D:6)
  5 orc warriors
  An ice beast (D:8)
  2 sky beasts
  3 ogres
  11 centaurs
  3 wolves (D:8)
  Blork the orc (D:6)
  4 bullfrogs
  A kobold brigand (D:9)
  A scorpion (D:7)
  4 wights (D:7)
  4 howler monkeys
  2 jellies
  2 centaur zombies
  2 hounds
  7 orc priests
  A bullfrog skeleton (D:6)
  2 centaur skeletons (D:6)
  2 gnoll shamans
  2 iguanas
  8 orc wizards
  A hound skeleton (D:4)
  Robin (D:3)
  8 adders
  11 gnolls
  A howler monkey skeleton (D:7)
  A white imp (D:6)
  3 worms
  2 dart slugs
  47 orcs
  3 bats
  8 endoplasms
  A giant cockroach (D:3)
  14 goblins
  11 hobgoblins
  3 quokkas
  6 ball pythons
  A frilled lizard (D:3)
  11 kobolds
  7 rats
258 creatures vanquished.

Vanquished Creatures (collateral kills)
  2 foxfires (D:3)
2 creatures vanquished.

Vanquished Creatures (others)
  579 foxfires
  2 fungi (D:3)
  6 plants (D:3)
587 creatures vanquished.

Grand Total: 847 creatures vanquished

Notes
Turn   | Place    | Note
-------+----------+-------------------------------------------
     0 | D:1      | unlimited1921 the Djinni Fire Elementalist began the quest
                  | for the Orb.
     0 | D:1      | Reached XP level 1. HP: 15/15 MP: 0/0
    14 | D:1      | Noticed an electric eel
   751 | D:1      | Reached XP level 2. HP: 18/21 MP: 0/0
  1755 | D:1      | Reached skill level 3 in Spellcasting
  2110 | D:2      | Reached XP level 3. HP: 22/25 MP: 0/0
  2110 | D:2      | Learned a level 1 spell: Sting
  3869 | D:2      | Reached XP level 4. HP: 16/31 MP: 0/0
  4977 | D:2      | Noticed Sigmund
  4984 | D:2      | Killed Sigmund
  4985 | D:2      | Reached skill level 4 in Spellcasting
  4985 | D:2      | Reached XP level 5. HP: 25/36 MP: 0/0
  4985 | D:2      | Learned a level 2 spell: Passwall
  4985 | D:2      | Reached XP level 6. HP: 29/41 MP: 0/0
  5712 | D:3      | Identified the +1 ring mail "Mynomul" {+Blink Will+ Stlth+}
  5867 | D:3      | Noticed Robin
  5873 | D:3      | Killed Robin
  5900 | D:3      | Found a basalt altar of Yredelemnul.
  6710 | D:3      | Noticed an ogre
  6780 | D:3      | Noticed a sky beast
  6785 | D:3      | Killed a sky beast
  6931 | D:3      | Killed an ogre
  6932 | D:3      | Reached skill level 5 in Spellcasting
  6932 | D:3      | Reached XP level 7. HP: 26/46 MP: 0/0
  6932 | D:3      | Learned a level 2 spell: Wereblood
  7290 | D:3      | Found a faded altar of an unknown god.
  7945 | D:4      | Identified the +7 chain mail of Altruism {rF- rN++}
  7979 | D:4      | Noticed Edmund
  7987 | D:4      | Killed Edmund
  7988 | D:4      | Reached skill level 1 in Fighting
  7988 | D:4      | Reached skill level 1 in Maces & Flails
  8282 | D:4      | Reached skill level 1 in Shields
  8769 | D:4      | Reached XP level 8. HP: 44/52 MP: 0/0
  8980 | D:4      | Reached skill level 1 in Armour
  8980 | D:4      | Reached skill level 6 in Spellcasting
  9388 | D:5      | Entered Level 5 of the Dungeon
  9570 | D:5      | Found a glowing drain.
  9713 | D:5      | Found a shadowy altar of Dithmenos.
 10020 | D:5      | Found a hide-covered altar of Uskayaw.
 10122 | D:5      | Found a sparkling altar of Nemelex Xobeh.
 10247 | D:5      | Found a glowing golden altar of the Shining One.
 11185 | D:6      | Identified the +0 robe of the Watchman {Str+5}
 11208 | D:6      | Found a blossoming altar of Fedhas.
 11219 | D:6      | Noticed Blork the orc
 11225 | D:6      | Killed Blork the orc
 11743 | D:6      | Found Tabeimn's Serpentskin Sales.
 11748 | D:6      | Reached skill level 7 in Spellcasting
 11748 | D:6      | Reached XP level 9. HP: 44/57 MP: 0/0
 11748 | D:6      | Learned a level 4 spell: Iskenderun's Mystic Blast
 12197 | D:7      | Noticed Prince Ribbit
 12200 | D:7      | Killed Prince Ribbit
 12504 | D:7      | Reached skill level 8 in Spellcasting
 13046 | D:7      | Found a staircase to the Ecumenical Temple.
 13057 | Temple   | Entered the Ecumenical Temple
 13161 | Temple   | Became a worshipper of Gozag Ym Sagoz the Greedy
 13670 | D:7      | Found Zuaress's Magic Scroll Shoppe.
 13678 | D:7      | Bought a scroll of teleportation for 39 gold pieces
 13678 | D:7      | Bought a scroll of identify for 26 gold pieces
 13678 | D:7      | Bought a scroll of identify for 26 gold pieces
 13678 | D:7      | Bought a scroll of fog for 26 gold pieces
 13687 | D:7      | Reached skill level 5 in Armour
 13687 | D:7      | Reached skill level 5 in Shields
 13687 | D:7      | Reached skill level 9 in Spellcasting
 13687 | D:7      | Reached XP level 10. HP: 67/67 MP: 0/0
 13856 | D:8      | Reached XP level 11. HP: 54/71 MP: 0/0
 13856 | D:8      | Learned a level 5 spell: Freezing Cloud
 14518 | D:8      | Noticed Wentworth's ghost (novice OpBr)
 14519 | D:8      | Found a transporter.
 14687 | D:8      | Found a transporter.
 14723 | D:8      | Noticed Grum
 14730 | D:8      | Killed Grum
 15236 | D:8      | Found a snail-covered altar of Cheibriados.
 15505 | D:9      | Noticed Erolcha
 15546 | D:9      | Cast into level 1 of the Abyss (Erolcha)
 15550 | Abyss:1  | Noticed a starcursed mass
 15693 | Abyss:1  | Noticed a tentacled starspawn
 15725 | Abyss:2  | Noticed a thrashing horror
 15725 | Abyss:2  | Noticed a reaper
 15795 | Abyss:3  | Noticed a large abomination
 15807 | Abyss:3  | Noticed a large abomination
 15849 | Abyss:3  | Found a shadowy altar of Dithmenos.
 15860 | D:9      | Escaped the Abyss
 16086 | D:9      | Killed Erolcha
 16195 | D:9      | Found a stormy altar of Qazlal.
 16897 | D:9      | Reached skill level 10 in Spellcasting
 17183 | D:9      | Found a staircase to the Lair.
 17224 | D:9      | Reached skill level 5 in Stealth
 17347 | D:9      | Found a staircase to the Orcish Mines.
 17420 | D:9      | Found a sacrificial altar of Ru.
 17616 | D:9      | Noticed a two-headed ogre
 17835 | D:9      | Killed a two-headed ogre
 18020 | D:7      | Bought a scroll of acquirement for 676 gold pieces
 18118 | D:10     | Entered Level 10 of the Dungeon
 18247 | D:10     | Found a broken altar of Ashenzari.
 18302 | D:10     | Found a shimmering altar of Xom.
 18392 | D:10     | Reached skill level 1 in Short Blades
 18392 | D:10     | Reached skill level 1 in Long Blades
 18392 | D:10     | Reached skill level 1 in Axes
 18392 | D:10     | Reached skill level 1 in Slings
 18392 | D:10     | Reached skill level 5 in Dodging
 18392 | D:10     | Reached XP level 12. HP: 78/78 MP: 0/0
 18471 | D:10     | Noticed a soul eater
 19805 | D:11     | Noticed Harold
 19817 | D:11     | Killed Harold
 19818 | D:11     | Reached XP level 13. HP: 82/84 MP: 0/0
 19818 | D:11     | Learned a level 5 spell: Iskenderun's Battlesphere
 19946 | D:11     | Found Daow's Gadget Gallery.
 19970 | D:11     | Bought a wand of acid (4) for 272 gold pieces
 19991 | D:11     | Noticed Urug
 19998 | D:11     | Killed Urug
 19999 | D:11     | Reached skill level 11 in Spellcasting
 21512 | D:12     | Noticed a boulder beetle
 21584 | D:12     | HP: 2/85 [boulder beetle (43)]
 21586 | D:12     | Killed a boulder beetle
 21703 | D:11     | Acquired 842 gold pieces
 21709 | D:11     | Bought a condenser vane for 680 gold pieces
 23028 | D:12     | HP: 4/85 [skeletal warrior/+0 flail[a skeletal warrior]
                  | (22)]
 23644 | D:13     | Reached skill level 12 in Spellcasting
 24100 | D:12     | Mangled by a skeletal warrior

Illustrated notes

Levels and vault maps discovered:
D:1:      arrival_aquarium_a, layout_basic
D:2:      minmay_door_path, layout_loops_corners,
          hangedman_abyss_or_decor_lesser_grid, kennysheep_flooded_box,
          uniq_sigmund
D:3:      minmay_wonky_spiral, layout_loops_ring, mainiacjoe_overflow_brackets,
          mainiacjoe_overflow_boulevard, shapermc_ecumenical_altar_ellora,
          uniq_robin
D:4:      layout_loops_cross, corexii_checkpoint_a, uniq_edmund
D:5:      layout_basic, nicolae_uskayaw_suspiria, mainiacjoe_overflow_alcove_4,
          tso_altar, nicolae_dithmenos_shadow_blocks, gup_sewer_entry_glass,
          minmay_misc_feat_pillars
D:6:      layout_rooms, mainiacjoe_overflow_24_doors, vehumet_altar_wand_db,
          guppyfry_shop_venom, uniq_blork_the_orc
D:7:      layout_cave_pools, minmay_temple_entry_antechambers, serial_shops,
          shop, uniq_prince_ribbit1
D:8:      layout_basic, nicolae_overflow_hidden_temple, gammafunk_ghost_arena,
          uniq_grum
D:9:      layout_basic, nicolae_qazlal_general_emergency, dpeg_oklobed_lair,
          minmay_orc_entry_guard_dogs, hangedman_feature_mirror, uniq_erolcha
D:10:     layout_cave_pools, amcnicky_altar_gilded, ashenzari_altar_1
D:11:     layout_loops_ring, nicolae_shop_gadgets, uniq_harold, uniq_urug
D:12:     layout_loops_ring
D:13:     layout_roguey
Temple:   compressed_dpeg_circular_temple

Skill      XL: |  1  2  3  4  5  6  7  8  9 10 11 12 13 |
---------------+----------------------------------------+-----
Spellcasting   | 3 4 5 7 9 10 12 | 12.0
Stealth        | 2 3 4 5 6 |  6.0
Fighting       | 1 3 4 |  4.7
Maces & Flails | 1 3 |  3.5
Shields        | 1 3 5 6 |  6.1
Armour         | 2 5 6 7 |  7.4
Crossbows      | 2 3 |  3.3
Throwing       | 2 3 |  3.1
Dodging        | 4 5 |  5.9
Short Blades   | 1 |  1.9
Long Blades    | 1 |  1.4
Axes           | 1 |  1.3
Slings         | 1 |  1.3
Invocations    | 2 |  2.2
Evocations     | 2 |  2.6

Action                   |  1- 3 |  4- 6 |  7- 9 | 10-12 | 13-15 || total
-------------------------+-------+-------+-------+-------+-------++-------
Melee: Mace              |     5 |     8 |    13 |    11 |    16 ||    53
 Cast: Foxfire           |    39 |    53 |   137 |    58 |    67 ||   354
       Scorch            |    17 |    11 |    43 |    23 |    71 ||   165
       Inner Flame       |     1 |    10 |    36 |    36 |    20 ||   103
       Passwall          |       |     2 |       |       |       ||     2
       Iskenderun's Myst |       |       |       |     1 |     5 ||     6
       Freezing Cloud    |       |       |       |    44 |    29 ||    73
       Sting             |       |       |       |     3 |     4 ||     7
       Iskenderun's Batt |       |       |       |       |    21 ||    21
 Abil: Evoke Blink       |       |       |       |     2 |     2 ||     4
Evoke: Wand              |       |       |       |       |     8 ||     8
       Condenser vane    |       |       |       |       |     1 ||     1
  Use: Scroll            |       |       |     9 |     6 |     7 ||    22
       Potion            |       |       |     1 |     2 |     2 ||     5
 Stab: Sleeping          |       |     1 |     2 |       |       ||     3
       Paralysed         |       |       |       |       |    10 ||    10
Armor: Robe              |     3 |     4 |     7 |       |       ||    14
       Ring mail         |       |       |     7 |    19 |    25 ||    51
Dodge: Dodged            |     7 |     9 |    20 |    32 |    69 ||   137
Block: Buckler           |       |       |     5 |    38 |    17 ||    60
       Reflection        |       |       |       |     1 |       ||     1
